Map: 凱羅斯交會點 - 天梯版

Players

Harstem - Winner!

  • Race: Protoss Protoss
  • Spawn Location: 5:00

ButAlways

  • Race: Protoss Protoss
  • Spawn Location: 11:00

Event: 2019 WCS Summer

VOD

Have the link to the VOD?

Description

Time

  • Played on: July 12, 2019, 3:01 p.m.
  • Length: 9:12

All games in this series

Show
View Real Time Build Order
Export as new Build Order

Harstem Protoss - Winner!

Build Orders: Phoenix Opening 

Get SALT Encoding   

  12  0:00  Probe  
  13  0:12  Probe  
  14  0:17  Pylon  
  14  0:24  Probe  
  15  0:32  Probe  
  15  0:38  Gateway  
  15  0:40  Probe  
  16  0:48  Assimilator  
  17  0:51  Probe  
  17  0:55  Assimilator  
  18  1:00  Probe  
  19  1:08  Probe, Gateway  
  19  1:17  Probe  
  20  1:25  Cybernetics Core  
  21  1:29  Probe  
  22  1:35  Pylon  
  22  1:41  Probe  
  23  1:53  Probe  
  24  2:03  Adept, Stargate  
  24  2:05  Adept  
  28  2:14  Pylon  
  28  2:29  Warp Gate  
  28  2:36  Stalker  
  29  2:40  Phoenix  
  29  2:41  Stalker  
  33  3:04  Cybernetics Core  
  33  3:06  Phoenix  
  35  3:29  Robotics Facility  
  33  3:37  Probe  
  32  3:41  Phoenix  
  32  3:43  Pylon  
  34  3:59  Pylon  
  34  4:06  Phoenix  
  36  4:12  Immortal  
  36  4:24  Shield Battery  
  41  4:25  Zealot  
  41  4:26  Zealot  
  41  4:27  Shield Battery  
  44  4:41  Pylon  
  44  4:45  Zealot  
  44  4:46  Zealot  
  41  5:04  Phoenix  
  41  5:05  Probe  
  39  5:26  Immortal  
  43  5:28  Oracle  
  45  5:48  Zealot  
  45  5:49  Zealot  
  49  5:51  Pylon  
  49  6:00  Warp Prism  
  49  6:10  Sentry  
  49  6:11  Zealot  
  55  6:32  Immortal  
  55  6:39  Sentry, Zealot  
  63  7:00  Pylon  
  60  7:06  Sentry, Shield Battery  
  60  7:07  Shield Battery  
  62  7:14  Observer  
  63  7:19  Zealot  
  65  7:35  Nexus  
  63  7:39  Immortal  
  63  7:43  Probe  
  64  7:50  Sentry  
  70  7:53  Pylon  
  69  8:06  Sentry  
  69  8:11  Cybernetics Core  
  71  8:20  Stalker  
  73  8:31  Probe  
  66  8:41  Phoenix  
  66  8:44  Sentry, Zealot  
  66  8:46  Probe  
  72  8:48  Probe  
  74  8:55  Cybernetics Core  
Show
View Real Time Build Order
Export as new Build Order

ButAlways Protoss 

Build Orders:  

Get SALT Encoding   

  12  0:00  Probe  
  13  0:12  Probe  
  14  0:17  Pylon  
  14  0:23  Probe  
  15  0:31  Probe  
  15  0:37  Gateway  
  15  0:39  Probe  
  16  0:46  Assimilator  
  17  0:51  Probe  
  17  0:55  Assimilator  
  18  0:59  Probe  
  19  1:07  Probe  
  19  1:13  Gateway  
  19  1:17  Probe  
  21  1:25  Cybernetics Core  
  21  1:29  Probe  
  22  1:35  Pylon  
  22  1:41  Probe  
  23  1:52  Warp Gate  
  23  2:02  Adept x2  
  23  2:04  Pylon  
  27  2:16  Shield Battery  
  27  2:22  Robotics Facility  
  27  2:32  Stalker x2  
  31  2:46  Gateway  
  31  2:54  Shield Battery  
  31  3:01  Warp Prism  
  31  3:02  Stalker  
  31  3:03  Stalker  
  34  3:34  Probe  
  32  3:44  Sentry x2  
  32  3:46  Probe  
  37  4:00  Pylon  
  37  4:03  Stalker  
  39  4:20  Stalker  
  41  4:25  Zealot  
  41  4:28  Stalker  
  45  4:35  Pylon  
  45  4:50  Zealot  
  45  4:54  Zealot  
  43  5:03  Warp Prism  
  31  5:23  Sentry x2  
  31  5:25  Probe  
  34  5:31  Stalker  
  36  5:37  Probe  
  37  5:43  Stalker  
  39  5:54  Stalker  
  41  6:05  Stalker  
  41  6:06  Adept  
  45  6:28  Adept x3  
  51  6:41  Twilight Council  
  46  6:48  Adept  
  43  6:56  Adept  
  43  7:00  Probe  
  46  7:08  Adept  
  48  7:20  Adept  
  50  7:36  Probe  
  51  7:47  Adept  
  53  7:51  Pylon  
  53  7:54  Adept  
  53  8:25  Adept x2  
  51  8:42  Adept  
  51  8:46  Adept  
  55  8:49  Sentry  
  47  9:10  Adept x2  
Tags
 
Add a new tag
Caveats
  • Supply blocks, unpowered buildings, or Contaminate may cause inaccurate times.
  • Supply counts are checked every 10 seconds.